 Dungeon Crawl Stone Soup version 0.18-a0-1799-g6250cb2 (webtiles) character file.

390973 Yawgmoth the Metallomancer (level 23, -9/141 HPs)
             Began as a Gargoyle Earth Elementalist on Apr 19, 2016.
             Was the Champion of Vehumet.
             Mangled by a titan (36 damage)
             ... on level 3 of the Depths on Apr 23, 2016.
             The game lasted 12:29:15 (75307 turns).

Yawgmoth the Metallomancer (GrEE)                  Turns: 75307, Time: 12:29:16

Health: -9/141     AC: 33    Str: 20    XL:     23   Next: 10%
Magic:  0/46       EV: 11    Int: 25    God:    Vehumet [******]
Gold:   1455       SH:  0    Dex: 10    Spells: 14 memorised, 8 levels left

rFire  + . .     SeeInvis +     i - staff of earth
rCold  . . .     Gourm    .     x - +4 ring mail of the Flute {MR+ Str+7 Stlth-}
rNeg   + . .     Faith    .     (no shield)
rPois  ∞         Spirit   .     H - +0 helmet {SInv}
rElec  +         Dismiss  .     j - +2 cloak {MR+}
rCorr  .         Reflect  .     O - +3 pair of gauntlets of War {Slay+5}
SustAt .         Harm     .     G - +2 pair of boots {run}
MR     +++..                    b - amulet of magic regeneration
Stlth  ..........               I - ring of fire {rF+, rC-}
                                q - ring of protection from cold {rC+, !d}

@: corroded, very slightly contaminated, regenerating, hasted, deflect missiles,
very quick, extremely resistant to hostile enchantments, extremely unstealthy
A: big wings, negative energy resistance 1, electricity resistance, unbreathing,
petrification resistance, rot immunity, AC +17
a: Fly, Renounce Religion
}: 2/15 runes: decaying, serpentine


You were on level 3 of the Depths.
You worshipped Vehumet.
Vehumet was exalted by your worship.
You were not hungry.

You visited 7 branches of the dungeon, and saw 39 of its levels.
You visited the Abyss 2 times.
You visited 1 bazaar.
You also visited: Sewer, Ice Cave and Volcano.

You collected 5199 gold pieces.
You spent 3744 gold pieces at shops.

Inventory:

Hand Weapons
 k - a +4 quick blade of distortion {Abyss Express}
   (You subdued it on level 2 of the Elven Halls)
 o - the +5 battleaxe "Hawkua" {chop, Dex+3, unknown}
   (You found it on level 2 of the Depths)

   It inflicts extra damage upon your enemies.
   It affects your dexterity (+3).
 K - the cursed +1 hand crossbow of Psychosis {penet, Int+2, unknown}
   (You found it on level 3 of the Depths)

   Ammo fired by it will pass through the targets it hits, potentially hitting
   all targets in its path until it reaches maximum range.
   It affects your intelligence (+2).
   It has a curse placed upon it.
Missiles
 R - 968 stones (quivered)
Armour
 j - a +2 cloak of magic resistance (worn)
   (You bought it in a shop on level 2 of the Orcish Mines)
 w - a +2 buckler
   (You took it off a tengu conjurer on level 3 of the Depths)
 x - the +4 ring mail of the Flute (worn) {MR+ Str+7 Stlth-}
   (You bought it in a shop on level 2 of the Orcish Mines)

   It affects your strength (+7).
   It affects your resistance to hostile enchantments.
   It makes you less stealthy.
 G - a +2 pair of boots of running (worn)
   (You bought it in a shop in a bazaar)
 H - a +0 helmet of see invisible (worn)
   (You bought it in a shop on level 15 of the Dungeon)
 O - the +3 pair of gauntlets of War (worn) {Slay+5}
   (You found it on level 3 of the Elven Halls)

   It affects your accuracy and damage with ranged weapons and melee attacks
   (+5).
Magical Staves
 i - an uncursed staff of earth (weapon)
   (You took it off an orc on level 14 of the Dungeon)
 X - an uncursed staff of wizardry {wiz+, !a}
   (You found it on level 3 of the Elven Halls)
Jewellery
 b - an amulet of magic regeneration (around neck)
   (You found it on level 2 of the Swamp)
 q - a ring of protection from cold (left hand) {rC+, !d}
   (You found it on level 8 of the Dungeon)
 r - an uncursed ring of protection from fire {rF+, !d}
   (You bought it in a shop on level 14 of the Dungeon)
 y - the ring "Hibablagh" {*Confuse MR++ Int+2 Slay+1 SInv}
   (You took it off a deep elf blademaster on level 3 of the Elven Halls)

   [ring of slaying]

   It affects your intelligence (+2).
   It affects your accuracy and damage with ranged weapons and melee attacks
   (+1).
   It affects your resistance to hostile enchantments.
   It lets you see invisible.
   It may confuse you when you take damage.
 I - a ring of fire (right hand) {rF+, rC-}
   (You found it on level 3 of the Depths)
 N - an uncursed amulet of rage {+Rage, !d}
   (You bought it in a shop on level 14 of the Dungeon)
 Q - a +3 amulet of reflection
   (You took it off a frost giant on level 3 of the Depths)
Wands
 d - a wand of disintegration (10/24)
   (You found it on level 2 of the Lair of Beasts)
 s - a wand of hasting (6/9)
   (You found it on level 1 of the Lair of Beasts)
 E - a wand of teleportation (2/9)
   (You found it on level 8 of the Lair of Beasts)
 J - a wand of polymorph (14/24)
   (You took it off a salamander on level 3 of the Depths)
 L - a wand of digging (5/24)
   (You found it on level 3 of the Snake Pit)
 T - a wand of digging (12/24)
   (You found it on level 2 of the Depths)
Scrolls
 a - 2 scrolls of amnesia
 e - 20 scrolls of remove curse
 l - 3 scrolls of recharging
 t - a scroll of enchant weapon
 B - 19 scrolls of teleportation
 C - 4 scrolls of magic mapping {!r}
 P - 6 scrolls of identify
Potions
 f - a potion of ambrosia
 g - 5 potions of agility
 m - 2 potions of invisibility
 n - 5 potions of cure mutation {!q}
 p - 13 potions of curing
 v - a potion of berserk rage {!q}
 z - a potion of might
 A - 4 potions of heal wounds
 D - 5 potions of magic
 S - 4 potions of resistance
 U - 3 potions of haste
Miscellaneous
 u - a disc of storms
   (You bought it in a shop in a bazaar)
 Y - a crystal ball of energy
   (You found it on level 3 of the Elven Halls)
Comestibles
 h - 6 bread rations {@e1}
 F - 7 meat rations {@e2}
 M - 3 chunks of flesh {@w0}


   Skills:
 * Level 13.9 Fighting
 + Level 3.4 Short Blades
 + Level 1.4 Staves
 - Level 1.8 Dodging
 - Level 2.4 Stealth
 + Level 19.5 Spellcasting
 + Level 14.8 Conjurations
 - Level 13.3 Charms
 - Level 0.7 Transmutations
 + Level 9.5 Fire Magic
   Level 3.3 Ice Magic
 + Level 11.2 Air Magic
 + Level 21.6 Earth Magic
 + Level 8.2 Evocations


You had 8 spell levels left.
You knew the following spells:

 Your Spells              Type           Power        Failure   Level  Hunger
a - Sandblast             Erth           ######       0%          1    None
b - Deflect Missiles      Chrm/Air       #####.....   3%          6    ###....
c - Shatter               Erth           ########..   11%         9    #######
d - Iron Shot             Conj/Erth      ########..   1%          6    ###....
e - Blink                 Tloc           N/A          6%          2    None
f - Fireball              Conj/Fire      #######...   1%          5    None
g - Delayed Fireball      Conj/Fire      N/A          5%          7    #####..
h - Haste                 Chrm           ######..     1%          6    ###....
r - Regeneration          Chrm/Necr      ######....   1%          3    None
s - Swiftness             Chrm/Air       #####...     1%          2    None
w - Passwall              Trmt/Erth      #######...   1%          2    None
x - Stone Arrow           Conj/Erth      ######       0%          3    None
z - Lee's Rapid Deconstr  Erth           ########..   0%          5    None
B - Summon Butterflies    Summ           ###.....     3%          1    None


Dungeon Overview and Level Annotations

Branches:
Dungeon (15/15)            Temple (0/1) D:7            Lair (8/8) D:10
  Swamp (4/4) Lair:3        Snake (4/4) Lair:5        Slime (0/6) Lair:8
    Orc (2/2) D:9             Elf (3/3) Orc:2        Vaults (0/5) D:14
 Depths (3/5) D:15

Altars:
Ashenzari
Cheibriados
Dithmenos
Fedhas
Gozag
Kikubaaqudgha
Nemelex Xobeh
Okawaru
Pakellas
Qazlal
Ru
Trog
Vehumet
Xom
The Shining One
Jiyva

Shops:
D:6 (   D:9 [   D:14 *   D:15 [:   Orc:1 }   Orc:2 [[[[   Elf:2 [:(%
Snake:3 *

Portals:
Hell: Depths:1 Depths:2
Ziggurat: Depths:1

Annotations:
Depths:3 1 runed door


Innate Abilities, Weirdness & Mutations

You are resistant to torment.
Your stone body is resilient (AC +17).
You are immune to poison.
Your large and strong wings let you fly indefinitely.
You resist negative energy.
You are resistant to electric shocks.
You can survive without breathing.
You are immune to petrification.
You are immune to rotting.


Message History

Drink which item? (? for menu, Esc to quit)
You feel yourself speed up.
The ancient lich gestures wildly while chanting.
You float gracefully downwards.
The titan shouts!
The titan waves its arms in wide circles.
The air twists around and strikes you!
A caustic shrike comes into view.
The caustic shrike screeches!
You feel a little less agile now.
Unknown command.
Unknown command.
Here: a caustic shrike The floor.
Unknown command.
Unknown command.
Aim: a caustic shrike
Okay, then.
Unknown command.
Unknown command.
You feel a surge of power!
The wall shatters!
The blast of rock fragments hits the caustic shrike.
You hear a shout!
You now have 11/46 mp.
Aim: a caustic shrike (heavily wounded)
You feel a surge of power!
The iron shot hits the caustic shrike.
The caustic shrike barely misses you.
You now have 5/46 mp.
Okay, then.
Unknown command.
Unknown command.
You feel a surge of power! That beam is likely to hit you.
Continue anyway?
The wall shatters!
The blast of rock fragments hits the caustic shrike.
You kill the caustic shrike!
Vehumet accepts your kill.
You feel your power returning.
You regained 3 mp, and now have 8/46 mp.
A redback comes into view.
A redback comes into view.
An entropy weaver comes into view.
The entropy weaver mumbles some strange words.
The entropic weave corrodes you!
A redback comes into view.
Read which item? (? for menu, Esc to quit)
Okay, then.
The rock shatters into small pieces.
This wand has 6 charges left.
You are feeling hungry.
The titan gestures at you while chanting.
The bolt of lightning misses you. The bolt of lightning hits you! You resist.
* * * LOW HITPOINT WARNING * * *
You take 12 damage, and have 33/141 hp.
Drink which item? (? for menu, Esc to quit)
You feel much better.
You regained 30 hp, and now have 64/141 hp.
The rock shatters into small pieces.
This wand has 5 charges left.
The redback bites you.
You take 2 damage, and have 62/141 hp.
Drink which item? (? for menu, Esc to quit)
Okay, then.
Okay, then.
Eat one of 4 chunks of flesh {@w0}? (ye/n/q/i?)
The redback bites you but does no damage.
You continue eating.
The redback bites you but does no damage.
You continue eating.
The redback bites you!
You take 10 damage, and have 52/141 hp.
You regained 2 mp, and now have 13/46 mp.
You hit the redback.
You kill the redback!
Vehumet accepts your kill.
You feel your power returning.
The redback bites you but does no damage.
You regained 2 mp, and now have 15/46 mp.
You barely miss the redback. The redback misses you.
Your skin crawls.
The redback bites you but does no damage.
You now have 13/46 mp.
You completely miss the redback. The redback bites you.
You take 1 damage, and have 52/141 hp.
You hit the redback. You crush the redback! The redback barely misses you.
You hit the redback.
You kill the redback!
Vehumet accepts your kill.
Aim: a titan You feel a surge of power!
The iron shot hits the titan.
You now have 8/46 mp.
Aim: a titan (moderately wounded)
You feel a surge of power!
The iron shot hits the titan.
The titan hits you!!
* * * LOW HITPOINT WARNING * * *
You take 29 damage, and have 26/141 hp.
MASSIVE DAMAGE!!
You now have 3/46 mp.
Aim: a titan (almost dead)
You feel a surge of power!
The stone arrow hits the titan.
You hear a distant "Zot"!
The titan hits you!!!
You die...

## ## #.# #.# #.# #.# #.# #.#
#.###.# ## #.#@# #. #C## ## ##.
################.##########.###..
.............†..s...s............
...........C###........p.........
........).###.....§.s.......[..([
######...##.....≈≈§≈§..........((
...=..C.......≈≈≈≈≈≈§§......[..[
.[....#......§≈≈§§≈≈.........#


You could see a titan.

Vanquished Creatures
  A juggernaut (Depths:2)
  Vashnia (Snake:3)
  2 caustic shrikes (Depths:3)
  Nikola (Swamp:3)
  A bone dragon (Swamp:4)
  Jorgrun (Depths:3)
  2 tentacled monstrosities
  2 liches
  2 deep elf blademasters (Elf:3)
  2 deep elf master archers (Elf:3)
  A quicksilver dragon (Depths:3)
  2 sphinxes
  Frances (D:12)
  A sphinx (shapeshifter) (Depths:3)
  A storm dragon (Depths:3)
  A tengu reaver (Depths:3)
  Agnes (Snake:3)
  Kirke (Lair:5)
  16 greater nagas
  5 frost giants
  Donald (Swamp:3)
  Wiglaf (Snake:2)
  3 fire giants (Depths:2)
  3 deep elf sorcerers (Elf:3)
  An iron dragon (Depths:2)
  Aizul (Swamp:3)
  An orc warlord (Orc:1)
  A deep elf elementalist (Elf:3)
  11 stone giants
  A vampire knight (Depths:2)
  A spriggan defender (Depths:3)
  6 deep elf demonologists
  8 very ugly things
  2 salamander stormcallers
  8 deep elf annihilators
  6 spark wasps (Depths:2)
  3 merfolk javelineers
  6 ettins
  3 deep elf death magi (Elf:3)
  6 yaktaur captains
  4 fire dragons
  Fannar (Lair:2)
  6 great orbs of eyes
  2 entropy weavers (Depths:2)
  8 ogre magi
  3 deep elf high priests
  25 naga warriors
  14 hydras
  A great orb of eyes (shapeshifter) (Depths:3)
  4 vault guards (D:14)
  8 spriggan air magi
  3 rakshasas
  7 ice dragons
  3 catoblepae
  4 ghost crabs
  8 anacondas
  The ghost of vev the Spear-Bearer, a journeyman VSTm of Kikubaaqudgha (Lair:2)
  8 centaur warriors
  10 tengu warriors
  2 orc high priests
  12 alligators
  5 death yaks
  26 dancing weapons
  A deep troll earth mage (Depths:2)
  A vampire mage (Depths:3)
  3 spriggan berserkers
  8 shock serpents
  Urug (D:12)
  24 naga sharpshooters
  17 deep elf knights
  3 sea snakes (Snake:4)
  A death drake (Swamp:4)
  4 salamander mystics
  An iron giant skeleton (Depths:2)
  4 unseen horrors
  2 giant orange brains
  A swamp dragon (shapeshifter) (Depths:3)
  6 deep trolls
  10 deep elf archers
  2 flayed ghosts
  2 spectral hydras (Swamp:4)
  A swamp dragon (Swamp:1)
  14 naga ritualists
  5 hill giants
  5 shambling mangroves
  A phantasmal warrior (Swamp:4)
  9 mana vipers
  3 griffons
  3 shining eyes (Depths:1)
  3 wizards
  7 cyclopes
  3 orc knights
  6 orc sorcerers
  45 deep elf magi
  2 necromancers
  27 ugly things
  An oklob plant (Lair:7)
  2 orb spiders (Depths:2)
  A sixfirhy (Abyss:3)
  7 salamanders
  40 black mambas
  Joseph (D:7)
  10 elephants
  2 torpor snails
  3 ice statues (IceCv)
  8 guardian serpents
  2 centaur zombies
  20 naga magi
  33 spiny frogs
  3 swamp worm zombies (Swamp:4)
  5 gargoyles
  A centaur skeleton (D:14)
  A yaktaur (shapeshifter) (Depths:2)
  13 komodo dragons
  4 kobold demonologists
  12 yaktaurs
  3 spriggan druids
  7 tengu conjurers
  3 hydra zombies (Swamp:4)
  7 giant leeches
  10 polar bears
  10 trolls
  16 slime creatures
  13 two-headed ogres
  3 alligator zombies (Swamp:4)
  19 blink frogs
  5 boulder beetles
  9 bog bodies
  2 spectral swamp dragons (Swamp:4)
  A stone giant simulacrum (Depths:2)
  2 centaur simulacra (D:13)
  A shadow (D:11)
  8 redbacks
  3 air elementals
  21 spriggans
  A tarantella (shapeshifter) (Elf:2)
  3 wraiths
  2 wyverns
  13 water elementals
  A hog (shapeshifter) (Elf:3)
  47 yaks
  A basilisk (Lair:2)
  2 humans
  A fire elemental (Elf:1)
  The ghost of braks the Insei, an amateur DsMo of Yredelemnul (D:4)
  A neqoxec (Depths:2)
  Menkaure (D:6)
  A hungry ghost (D:12)
  5 hogs
  10 hippogriffs
  2 mottled dragons
  A steam dragon (Lair:5)
  24 vampire mosquitoes
  21 insubstantial wisps
  A warg (Orc:2)
  80 nagas
  3 soldier ants (D:13)
  19 swamp worms
  2 hell hounds (D:10)
  24 water moccasins
  16 porcupines
  A human skeleton (Depths:2)
  Purgy (Sewer)
  4 swamp dragon zombies (Swamp:4)
  5 swamp drakes
  An eye of draining (shapeshifter) (Depths:1)
  11 ice beasts
  6 sky beasts
  29 orc warriors
  A wasp (shapeshifter) (Depths:1)
  The ghost of Critterz the Skirmisher, an amateur DrCK of Xom (D:3)
  9 black bears
  2 necrophages
  33 ogres
  A wolf (shapeshifter) (D:14)
  20 wasps
  6 phantoms
  20 wolves
  13 centaurs
  18 crocodiles
  15 giant frogs
  3 earth elementals
  A wyvern zombie (D:14)
  A water moccasin skeleton (D:12)
  5 scorpions
  18 killer bees
  11 wights
  5 howler monkeys
  4 electric eels
  2 giant frog zombies
  14 crimson imps
  A quasit (D:6)
  10 orc priests
  22 orc wizards
  A jelly (D:6)
  2 giant frog skeletons
  8 hounds
  10 iguanas
  Natasha (thrice) (D:2)
  2 spectral swamp drakes (Swamp:4)
  16 worker ants
  20 sheep
  A wasp simulacrum (D:13)
  5 giant frog simulacra (D:13)
  A hound zombie (D:11)
  A worker ant zombie (D:10)
  Robin (D:2)
  A howler monkey skeleton (D:7)
  8 gnolls
  10 adders
  78 river rats
  2 swamp drake zombies (Swamp:4)
  5 shadow imps
  2 white imps (D:13)
  An ooze (D:7)
  An adder zombie (D:5)
  3 worms
  4 dart slugs
  2 giant geckos
  80 orcs
  5 ball pythons
  7 giant cockroaches
  19 goblins
  11 hobgoblins
  14 jackals
  4 quokkas
  5 bats
  A giant gecko skeleton (D:5)
  9 giant newts
  10 kobolds
  A quokka zombie (D:9)
  14 rats
  A bush (Lair:7)
  4 fungi
1770 creatures vanquished.

Vanquished Creatures (collateral kills)
  Asterion (Snake:2)
  A naga warrior (Snake:1)
  2 shock serpents (Snake:2)
  A naga sharpshooter (Snake:2)
  2 mana vipers (Snake:2)
  A salamander (Snake:1)
  2 black mambas
  A naga mage (Snake:2)
  A naga (Snake:1)
12 creatures vanquished.

Vanquished Creatures (others)
  An alligator (Swamp:3)
  An unseen horror (D:15)
  A deep elf mage (Elf:1)
  A black mamba (Snake:4)
  A hog (Volcano)
  2 killer bees (D:7)
  An adder (D:7)
  2 river rats (Lair:5)
  49 fungi
  13 plants
  2 starspawn tentacles (Abyss:2)
  15 starspawn tentacle segments (Abyss:2)
89 creatures vanquished.

Grand Total: 1871 creatures vanquished

Notes
Turn   | Place    | Note
--------------------------------------------------------------
     0 | D:1      | Yawgmoth the Gargoyle Earth Elementalist began the quest for the Orb.
     0 | D:1      | Reached XP level 1. HP: 10/10 MP: 3/3
     0 | D:1      | Yawgmoth: ??singing_sword
     0 | D:1      | beem: singing sword[1/3]: Unbranded +7 double sword that makes noises. Makes more noise and becomes "screaming sword" at high tension, dealing "sonic" (irresistable) damage to every enemy in LOS.
     0 | D:1      | Yawgmoth: ??sceptre_of_torment
     0 | D:1      | beem: sceptre of torment[1/1]: +7 staff (mace in 0.16-) which invokes Torment on 50% of attacks and 1/200 on just being wielded for a given turn. Useful if you have {torment immunity}. Counts as necromancy for the good gods, but if you worship a good god, you are susceptible to torment, so this is going to cause you far worse problems than penance.
   330 | D:1      | Reached XP level 2. HP: 14/15 MP: 0/5
   622 | D:1      | Reached skill level 4 in Earth Magic
   880 | D:1      | Reached XP level 3. HP: 19/19 MP: 3/6
   984 | D:1      | Learned a level 2 spell: Passwall
   988 | D:1      | Learned a level 3 spell: Stone Arrow
  1217 | D:2      | Noticed Natasha
  1223 | D:2      | Killed Natasha
  1287 | D:2      | Found a stormy altar of Qazlal.
  1464 | D:2      | Reached XP level 4. HP: 21/24 MP: 5/8
  1559 | D:2      | Reached skill level 5 in Earth Magic
  1815 | D:2      | Noticed Natasha
  1824 | D:2      | Killed Natasha
  1824 | D:2      | Reached skill level 3 in Spellcasting
  2014 | D:2      | Reached XP level 5. HP: 28/28 MP: 9/9
  2056 | D:2      | Noticed Robin
  2065 | D:2      | Killed Robin
  2171 | D:2      | Noticed Natasha
  2177 | D:2      | Killed Natasha
  2740 | D:3      | Noticed Critterz's ghost (amateur DrCK)
  2744 | D:3      | Yawgmoth: ??Critter'z ghost
  2744 | D:3      | beem: I don't have a page labeled Critter'z_ghost in my learndb.
  2748 | D:3      | Killed Critterz's ghost
  2748 | D:3      | Reached skill level 4 in Spellcasting
  2748 | D:3      | Reached skill level 6 in Earth Magic
  2748 | D:3      | Reached XP level 6. HP: 23/32 MP: 4/12
  2921 | D:3      | Found a glowing drain.
  2939 | Sewer    | Entered a sewer
  3009 | Sewer    | Noticed Purgy
  3010 | Sewer    | Yawgmoth: ??purgy
  3010 | Sewer    | beem: purgy[1/4]: An unusually thin and nervous troll. Sad, really. :(
  3014 | Sewer    | Killed Purgy
  3191 | D:3      | Found a sacrificial altar of Ru.
  3291 | D:3      | Reached skill level 7 in Earth Magic
  3291 | D:3      | Reached XP level 7. HP: 36/36 MP: 7/14
  3457 | D:3      | Found a snail-covered altar of Cheibriados.
  3712 | D:4      | Reached skill level 5 in Spellcasting
  3885 | D:4      | Got an ancient dagger
  3886 | D:4      | Identified the +5 dagger of Dividends {pierce, Dex+5} (You found it on level 4 of the Dungeon)
  3947 | D:4      | Noticed braks's ghost (amateur DsMo)
  3964 | D:4      | Killed braks's ghost
  3964 | D:4      | Reached skill level 8 in Earth Magic
  4136 | D:4      | Reached XP level 8. HP: 41/41 MP: 16/16
  4141 | D:4      | Found a shattered altar of Ashenzari.
  4652 | D:5      | Entered Level 5 of the Dungeon
  5050 | D:5      | Found a sparkling altar of Nemelex Xobeh.
  5160 | D:6      | Reached skill level 6 in Spellcasting
  5179 | D:6      | Found Imalacsi's Weapon Boutique.
  5191 | D:6      | Reached skill level 9 in Earth Magic
  5415 | D:5      | Learned a level 5 spell: Lee's Rapid Deconstruction
  6632 | D:6      | Reached skill level 7 in Spellcasting
  6710 | D:6      | Found an oddly glowing altar of Pakellas.
  6732 | D:6      | Noticed Menkaure
  6736 | D:6      | Killed Menkaure
  6736 | D:6      | Reached skill level 10 in Earth Magic
  6736 | D:6      | Reached XP level 9. HP: 45/45 MP: 14/19
  6960 | D:6      | Found a glowing golden altar of the Shining One.
  8018 | D:7      | Found a bloodstained altar of Trog.
  8042 | D:7      | Reached skill level 8 in Spellcasting
  8042 | D:7      | Reached skill level 11 in Earth Magic
  8459 | D:7      | Noticed Joseph
  8471 | D:7      | Killed Joseph
  8796 | D:7      | Found a radiant altar of Vehumet.
  8801 | D:7      | Reached skill level 1 in Conjurations
  8804 | D:7      | Became a worshipper of Vehumet
  9126 | D:7      | Reached XP level 10. HP: 50/50 MP: 12/22
  9131 | D:7      | Reached skill level 9 in Spellcasting
  9131 | D:7      | Reached skill level 2 in Conjurations
  9222 | D:7      | Reached skill level 12 in Earth Magic
  9614 | D:7      | Found a staircase to the Ecumenical Temple.
  9722 | D:8      | Reached skill level 3 in Conjurations
  9941 | D:8      | Got a blackened hand axe
  9945 | D:8      | Identified the +2 hand axe of Lauckuod {elec, *Contam rElec Str+3} (You found it on level 8 of the Dungeon)
  9949 | D:8      | Found a shadowy altar of Dithmenos.
  9949 | D:8      | Found an ancient bone altar of Kikubaaqudgha.
 10231 | D:8      | Reached * piety under Vehumet
 10231 | D:8      | Offered knowledge of Flame Tongue by Vehumet.
 10607 | D:8      | Reached skill level 4 in Conjurations
 10712 | D:8      | Learned a level 1 spell: Summon Butterflies
 10728 | D:8      | Got a smoking dagger
 11355 | D:9      | Found a staircase to the Orcish Mines.
 11355 | D:9      | Found Irribota's Armour Shoppe.
 11410 | D:9      | Noticed a gargoyle
 11412 | D:9      | Killed a gargoyle
 11869 | D:9      | Found a snail-covered altar of Cheibriados.
 11975 | D:9      | Reached skill level 5 in Conjurations
 12215 | D:10     | Entered Level 10 of the Dungeon
 12404 | D:10     | Found a staircase to the Lair.
 12422 | D:10     | Reached skill level 13 in Earth Magic
 12997 | D:10     | Reached skill level 10 in Spellcasting
 13073 | D:10     | Reached XP level 11. HP: 54/54 MP: 17/25
 13076 | D:10     | Reached ** piety under Vehumet
 13076 | D:10     | Offered knowledge of Throw Frost by Vehumet.
 13079 | D:10     | Reached skill level 6 in Conjurations
 13767 | Lair:1   | Entered Level 1 of the Lair of Beasts
 14828 | Lair:2   | Noticed a seven-headed hydra
 14960 | Lair:2   | Offered knowledge of Searing Ray by Vehumet.
 15230 | Lair:2   | Reached skill level 7 in Conjurations
 15568 | Lair:2   | Reached *** piety under Vehumet
 15706 | Lair:2   | Reached skill level 14 in Earth Magic
 15856 | Lair:2   | Noticed vev's ghost (journeyman VSTm)
 16166 | Lair:2   | Killed vev's ghost
 16166 | Lair:2   | Reached skill level 11 in Spellcasting
 16166 | Lair:2   | Reached skill level 8 in Conjurations
 16332 | Lair:2   | Noticed a death yak
 16332 | Lair:2   | Noticed a death yak
 16333 | Lair:2   | Noticed a death yak
 16369 | Lair:1   | Offered knowledge of Ignite Poison by Vehumet.
 16721 | Lair:2   | Noticed Fannar
 16855 | Lair:2   | Noticed a death yak
 16856 | Lair:2   | Noticed a death yak
 17014 | Lair:2   | Killed a death yak
 17014 | Lair:2   | Reached XP level 12. HP: 59/59 MP: 16/27
 17017 | Lair:2   | Killed a death yak
 17322 | Lair:2   | Reached skill level 9 in Conjurations
 17503 | Lair:1   | Killed a death yak
 17629 | Lair:1   | Killed a death yak
 17790 | Lair:1   | Killed a death yak
 17790 | Lair:1   | Reached skill level 1 in Fighting
 18165 | Lair:2   | Killed Fannar
 18316 | D:9      | Bought the +4 robe of Augmentation {Str+4 Int+4 Dex+4} for 846 gold pieces
 18408 | Lair:1   | Reached skill level 2 in Fighting
 18408 | Lair:1   | Reached skill level 15 in Earth Magic
 18412 | Lair:1   | Reached **** piety under Vehumet
 19496 | Lair:3   | Found a staircase to the Swamp.
 19691 | Lair:3   | Offered knowledge of Inner Flame by Vehumet.
 19974 | Lair:2   | Reached skill level 3 in Fighting
 20045 | Lair:2   | Learned a level 6 spell: Freezing Cloud
 20314 | Lair:3   | Reached skill level 10 in Conjurations
 20796 | Lair:4   | Killed a seven-headed hydra
 20796 | Lair:4   | Reached skill level 1 in Ice Magic
 20895 | Lair:4   | Reached skill level 12 in Spellcasting
 21047 | Lair:4   | Learned a level 4 spell: Leda's Liquefaction
 21117 | Lair:4   | Reached skill level 4 in Fighting
 21117 | Lair:4   | Reached skill level 2 in Ice Magic
 21321 | Lair:4   | Reached XP level 13. HP: 70/70 MP: 21/29
 22006 | Lair:5   | Reached ***** piety under Vehumet
 22007 | Lair:5   | Offered knowledge of Bolt of Fire by Vehumet.
 22019 | Lair:5   | Learned a level 6 spell: Bolt of Fire
 22160 | Lair:5   | Found a staircase to the Snake Pit.
 22182 | Lair:5   | Found an opulent altar of Gozag.
 22191 | Lair:5   | Noticed Kirke
 22262 | Lair:5   | Reached skill level 1 in Fire Magic
 22280 | Lair:5   | Found a dark tunnel.
 22284 | Volcano  | Entered a volcano
 22725 | Lair:5   | Killed Kirke
 22725 | Lair:5   | Reached skill level 3 in Ice Magic
 23199 | Lair:5   | Reached skill level 2 in Fire Magic
 23377 | Lair:5   | Reached skill level 5 in Fighting
 23879 | D:9      | Bought a +1 pair of gloves of strength for 264 gold pieces
 24263 | Lair:6   | Identified the Almanac of Flight and Boosts (You found it on level 6 of the Lair of Beasts)
 24343 | Lair:6   | Identified a +1 rod of inaccuracy (14/14) (You found it on level 6 of the Lair of Beasts)
 24356 | Lair:6   | Learned a level 2 spell: Swiftness
 24360 | Lair:6   | Learned a level 3 spell: Regeneration
 24629 | Lair:6   | Reached skill level 3 in Fire Magic
 25585 | Lair:7   | Reached skill level 6 in Fighting
 25791 | Lair:7   | Reached skill level 11 in Conjurations
 26565 | Lair:7   | Reached skill level 4 in Fire Magic
 27289 | Lair:8   | Entered Level 8 of the Lair of Beasts
 27546 | Lair:8   | Found a viscous altar of Jiyva.
 27546 | Lair:8   | Found a staircase to the Slime Pits.
 27556 | Lair:8   | Reached skill level 16 in Earth Magic
 28045 | Lair:8   | Gained mutation: Your large and strong wings let you fly indefinitely. [Gargoyle growth]
 28045 | Lair:8   | Reached XP level 14. HP: 59/80 MP: 5/30
 28241 | Lair:8   | Upgraded the game from 0.18-a0-1788-g92de1ac to 0.18-a0-1789-gbeff17f
 28562 | Lair:8   | Reached skill level 7 in Fighting
 29290 | Lair:8   | Reached skill level 5 in Fire Magic
 30398 | Lair:8   | Reached skill level 13 in Spellcasting
 30773 | Lair:8   | Offered knowledge of Bolt of Magma by Vehumet.
 30801 | Lair:7   | Upgraded the game from 0.18-a0-1789-gbeff17f to 0.18-a0-1797-gc18daef
 31172 | Lair:8   | Reached skill level 8 in Fighting
 31397 | Lair:8   | Got a jewelled scale mail
 31834 | Lair:8   | Reached skill level 6 in Fire Magic
 32193 | Lair:8   | Reached skill level 12 in Conjurations
 32352 | Lair:8   | Identified the +6 scale mail of Duekiniu {rF+ Str+3 Int+4} (You found it on level 8 of the Lair of Beasts)
 33288 | D:11     | Found a stormy altar of Qazlal.
 33564 | D:12     | Gained mutation: Your muscles are strong. (Str +2) [potion of beneficial mutation]
 34619 | D:12     | Noticed Frances
 34620 | D:12     | Yawgmoth: ??frances
 34620 | D:12     | beem: frances[1/1]: The plural form of France, bearing a deep facial scar. Buffed in 0.12 to have a meaner spell set: throw icicle, summon demon, haste, and iron shot. Now hasted, earlier, slightly weaker Frederick.
 34629 | D:12     | Killed Frances
 34775 | D:12     | Noticed Urug
 34778 | D:12     | Killed Urug
 35301 | D:12     | Reached XP level 15. HP: 46/89 MP: 12/32
 35914 | D:13     | Offered knowledge of Lightning Bolt by Vehumet.
 36191 | D:13     | Reached skill level 9 in Fighting
 36225 | D:13     | Found a frozen archway.
 36234 | IceCv    | Entered an ice cave
 36557 | IceCv    | Learned a level 2 spell: Blink
 36611 | D:13     | Reached skill level 7 in Fire Magic
 38198 | D:14     | Found Waticw Pyach's Assorted Antiques.
 38203 | D:14     | Reached skill level 17 in Earth Magic
 38290 | D:14     | Bought a ruby ring for 155 gold pieces
 38290 | D:14     | Bought a metallic amethyst potion for 27 gold pieces
 38290 | D:14     | Bought a scroll of remove curse for 93 gold pieces
 38290 | D:14     | Bought a thin platinum amulet for 155 gold pieces
 38290 | D:14     | Bought a scroll of identify for 62 gold pieces
 39113 | D:14     | Found a bloodstained altar of Trog.
 40051 | D:14     | Reached skill level 1 in Charms
 40200 | D:14     | Reached skill level 1 in Evocations
 40419 | D:14     | Found a gate to the Vaults.
 40716 | D:14     | Learned a level 5 spell: Fireball
 40820 | D:14     | Reached skill level 2 in Charms
 40889 | D:14     | Reached skill level 13 in Conjurations
 40985 | D:15     | Entered Level 15 of the Dungeon
 40985 | D:15     | Found Noadei's Book Shop.
 41064 | D:15     | Reached skill level 3 in Charms
 41068 | D:15     | Offered knowledge of Bolt of Draining by Vehumet.
 41322 | D:15     | Reached skill level 4 in Charms
 41329 | D:15     | Reached skill level 5 in Charms
 41781 | D:15     | Reached skill level 6 in Charms
 42064 | D:15     | Found Huhah's Armour Emporium.
 42112 | D:15     | Reached skill level 14 in Spellcasting
 42126 | D:15     | Bought a +0 helmet of see invisible for 161 gold pieces
 42196 | D:15     | Found a staircase to the Depths.
 42237 | D:15     | Reached skill level 7 in Charms
 42237 | D:15     | Reached XP level 16. HP: 95/97 MP: 18/34
 43369 | Orc:1    | Entered Level 1 of the Orcish Mines
 43386 | Orc:1    | Reached skill level 8 in Charms
 43859 | Orc:1    | Found a shimmering altar of Xom.
 44057 | Orc:1    | Found Ofurag's Quality Used Wands.
 44250 | Orc:2    | Entered Level 2 of the Orcish Mines
 44992 | Orc:2    | Reached skill level 9 in Charms
 45276 | Orc:2    | Found a staircase to the Elven Halls.
 45283 | Orc:2    | Found Yfougruw's Antique Armour Boutique.
 45301 | Orc:2    | Offered knowledge of Iron Shot by Vehumet.
 45956 | Orc:2    | Reached skill level 10 in Charms
 46424 | D:15     | Bought a book of Enchantments for 850 gold pieces
 46436 | D:15     | Learned a level 6 spell: Iron Shot
 46444 | D:15     | Learned a level 7 spell: Delayed Fireball
 46605 | Lair:2   | Learned a level 6 spell: Haste
 46629 | Lair:2   | Learned a level 6 spell: Deflect Missiles
 46904 | Orc:2    | Found Rolamuh's Armour Boutique.
 46913 | Orc:2    | Found Uhosuy's Antique Armour Emporium.
 46926 | Orc:2    | Found Fysh's Antique Armour Shop.
 47981 | Swamp:1  | Entered Level 1 of the Swamp
 48019 | Swamp:1  | Reached skill level 11 in Charms
 48444 | Swamp:1  | Offered knowledge of Poison Arrow by Vehumet.
 48769 | Swamp:1  | Reached skill level 12 in Charms
 49798 | Swamp:1  | Reached skill level 10 in Fighting
 50195 | Swamp:2  | Reached skill level 2 in Evocations
 51026 | Swamp:2  | Reached XP level 17. HP: 102/102 MP: 25/35
 51169 | Swamp:2  | Reached skill level 8 in Fire Magic
 51254 | Swamp:3  | Noticed Donald
 51325 | Swamp:3  | Killed Donald
 51325 | Swamp:3  | Reached skill level 13 in Charms
 51325 | Swamp:3  | Reached skill level 3 in Evocations
 51380 | Swamp:3  | Noticed Aizul
 51386 | Swamp:3  | Killed Aizul
 51467 | Swamp:3  | Noticed Nikola
 51476 | Swamp:3  | Killed Nikola
 52213 | Swamp:3  | Reached skill level 15 in Spellcasting
 52346 | Swamp:4  | Entered Level 4 of the Swamp
 52372 | Swamp:4  | Reached skill level 4 in Evocations
 52865 | Swamp:3  | Reached ****** piety under Vehumet
 52983 | Swamp:4  | Reached skill level 11 in Fighting
 53632 | Swamp:3  | Offered knowledge of Spellforged Servitor by Vehumet.
 54104 | Swamp:4  | Found an iron altar of Okawaru.
 54325 | Swamp:4  | Noticed a bone dragon
 54330 | Swamp:4  | Killed a bone dragon
 54430 | Swamp:4  | Got a decaying rune of Zot
 54489 | Swamp:4  | Reached skill level 5 in Evocations
 54622 | Swamp:4  | Got an ichor-stained hand axe
 55272 | Snake:1  | Entered Level 1 of the Snake Pit
 55491 | Snake:1  | Reached XP level 18. HP: 110/110 MP: 29/37
 56038 | Snake:2  | Offered knowledge of Lehudib's Crystal Spear by Vehumet.
 56038 | Snake:2  | Offered knowledge of Shatter by Vehumet.
 56038 | Snake:2  | Offered knowledge of Tornado by Vehumet.
 56207 | Snake:2  | Found a flickering gateway to a bazaar.
 56216 | Bazaar   | Entered a bazaar
 56223 | Bazaar   | Found Woppaenk's Antique Armour Shop.
 56243 | Bazaar   | Found Difiomm's Gadget Shop.
 56251 | Bazaar   | Bought a disc of storms for 240 gold pieces
 56271 | Bazaar   | Bought a pair of embroidered boots for 67 gold pieces
 56281 | Bazaar   | Identified a +1 pair of boots of running (You bought it in a shop in a bazaar)
 56422 | Snake:2  | Noticed Asterion
 56433 | Snake:2  | Killed Asterion
 56740 | Snake:2  | Reached skill level 18 in Earth Magic
 56859 | Snake:2  | Got a polished hunting sling
 56975 | Snake:2  | Got a translucent hand axe
 57188 | Snake:2  | Upgraded the game from 0.18-a0-1797-gc18daef to 0.18-a0-1799-g6250cb2
 57258 | Snake:2  | Reached skill level 6 in Evocations
 57423 | Snake:2  | Noticed Wiglaf
 57644 | Snake:2  | Killed Wiglaf
 57644 | Snake:2  | Reached skill level 9 in Fire Magic
 57804 | Snake:3  | Reached skill level 14 in Conjurations
 57864 | Snake:3  | Reached skill level 12 in Fighting
 58159 | Snake:3  | Noticed Agnes
 58164 | Snake:3  | Killed Agnes
 58428 | Snake:3  | Reached skill level 16 in Spellcasting
 59055 | Snake:3  | Noticed Vashnia
 59242 | Snake:3  | Killed Vashnia
 59242 | Snake:3  | Reached skill level 19 in Earth Magic
 59530 | Snake:3  | Found Qaofit Muisk's General Store.
 59538 | Snake:3  | Bought a scroll of identify for 32 gold pieces
 59538 | Snake:3  | Bought a slice of pizza for 24 gold pieces
 59538 | Snake:3  | Bought a potion of curing for 48 gold pieces
 59833 | Snake:3  | Reached XP level 19. HP: 112/116 MP: 39/39
 60299 | Snake:4  | Entered Level 4 of the Snake Pit
 60375 | Snake:4  | Reached skill level 1 in Air Magic
 60456 | Snake:4  | Reached skill level 2 in Air Magic
 61150 | Snake:4  | Reached skill level 3 in Air Magic
 61825 | Snake:4  | Reached skill level 4 in Air Magic
 62131 | Snake:4  | Reached skill level 17 in Spellcasting
 62591 | Snake:4  | Reached skill level 5 in Air Magic
 62645 | Snake:4  | Got a serpentine rune of Zot
 62912 | Snake:4  | Found a blossoming altar of Fedhas.
 62958 | Snake:4  | Reached XP level 20. HP: 123/123 MP: 31/41
 63062 | Snake:4  | Reached skill level 20 in Earth Magic
 63507 | Snake:4  | Learned a level 9 spell: Shatter
 64040 | Elf:1    | Entered Level 1 of the Elven Halls
 64801 | Elf:1    | Reached skill level 6 in Air Magic
 65070 | Elf:1    | You are sucked into a shaft!
 65629 | Elf:2    | Found a runed gate.
 65629 | Elf:2    | Found a runed gate.
 65630 | Elf:2    | Found a runed gate.
 65837 | Elf:2    | Found Ujeck's Book Shoppe.
 65932 | Elf:2    | Found Winnuo's Antique Armour Boutique.
 65958 | Elf:2    | Found Codilora's Antique Weapon Shop.
 65988 | Elf:2    | Found Jiquutih's Food Shoppe.
 66011 | Elf:2    | Reached skill level 7 in Air Magic
 66423 | Elf:3    | Entered Level 3 of the Elven Halls
 67016 | Elf:3    | Cast into level 2 of the Abyss (a deep elf demonologist)
 67016 | Abyss:2  | Found a corrupted altar of Lugonu.
 67157 | Elf:3    | Escaped the Abyss
 67160 | Elf:3    | Reached skill level 18 in Spellcasting
 67190 | Elf:3    | Reached skill level 21 in Earth Magic
 67192 | Elf:3    | Reached XP level 21. HP: 128/128 MP: 17/43
 67193 | Elf:3    | Reached skill level 8 in Air Magic
 67233 | Elf:3    | Got a crude scale mail
 67251 | Elf:3    | Got a steaming chain mail
 67259 | Elf:3    | Got a shimmering sapphire amulet
 67299 | Elf:3    | Got a sparkling brass ring
 67302 | Elf:3    | Got a crude ring mail
 67305 | Elf:3    | Identified the ring of Kinger {*Tele rC+ MP+9} (You found it on level 3 of the Elven Halls)
 67324 | Elf:3    | Identified the Disquisition on Confrontation and Summoning
 67327 | Elf:3    | Got a scorched leather armour
 67339 | Elf:3    | Identified the cursed +1 leather armour of the Assorted Runes {Dex+3} (You found it on level 3 of the Elven Halls)
 67350 | Elf:3    | Identified the +1 ring mail of Terror {+Fly rElec} (You found it on level 3 of the Elven Halls)
 67379 | Elf:3    | Identified the cursed +1 scale mail of Lifelessness {rElec} (You took it off a deep elf master archer on level 3 of the Elven Halls)
 67390 | Elf:3    | Identified the +3 chain mail of Honour {rF++} (You took it off a deep elf blademaster on level 3 of the Elven Halls)
 67401 | Elf:3    | Identified the amulet of Omav {Faith rPois} (You took it off a deep elf annihilator on level 3 of the Elven Halls)
 67406 | Elf:3    | Identified Sif Muna's Catalogue of Attacks and Moulding (You found it on level 3 of the Elven Halls)
 67411 | Elf:3    | Identified Sif Muna's Reference Book on the Glacial Mountains (You found it on level 3 of the Elven Halls)
 67509 | Elf:3    | Got a pair of twisted boots
 67524 | Elf:3    | Identified the +1 pair of boots of Inference {rF+ Dex-3 Slay+3} (You found it on level 3 of the Elven Halls)
 67814 | Elf:3    | Got a clouded marble ring
 67885 | Elf:3    | Got a coiled turquoise ring
 67908 | Elf:3    | Got a coiled brass ring
 67910 | Elf:3    | Identified the ring of Ikidac {rElec rC+ MP-9 Str+2} (You took it off a deep elf high priest on level 3 of the Elven Halls)
 67913 | Elf:3    | Identified the ring "Fongiom" {Str+5 SInv} (You took it off a deep elf master archer on level 3 of the Elven Halls)
 67915 | Elf:3    | Identified the ring "Hibablagh" {*Confuse MR++ Int+2 Slay+1 SInv} (You took it off a deep elf blademaster on level 3 of the Elven Halls)
 67983 | Elf:3    | Yawgmoth: unsubsribe
 67983 | Elf:3    | Yawgmoth: ??
 67983 | Elf:3    | Yawgmoth: !beem unsubscribe
 67983 | Elf:3    | beem: Unsubscribed. beem will no longer watch games of user Yawgmoth. Bye!
 69019 | Depths:1 | Entered Level 1 of the Depths
 69115 | Depths:1 | Found a gateway to a ziggurat.
 69479 | Depths:1 | Found a gateway to Hell.
 69502 | Depths:1 | Got a faintly glowing bone ring
 69504 | Depths:1 | Identified the ring of Qiuphext {*Contam rC+ rN+ Str+3 Stlth+} (You found it on level 1 of the Depths)
 69585 | Depths:1 | Reached skill level 9 in Air Magic
 69831 | Depths:2 | Paralysed by a great orb of eyes for 6 turns
 70256 | Depths:2 | Cast into level 3 of the Abyss (an ogre mage)
 70288 | Abyss:3  | Gained mutation: You tend to lose your temper in combat. [a neqoxec]
 70289 | Depths:2 | Escaped the Abyss
 70658 | Depths:2 | Reached skill level 10 in Air Magic
 70691 | Depths:2 | Noticed a juggernaut
 70695 | Depths:2 | Killed a juggernaut
 70766 | Depths:2 | Reached skill level 19 in Spellcasting
 71193 | Depths:2 | Reached XP level 22. HP: 133/133 MP: 26/45
 71608 | Lair:2   | Lost mutation: Your muscles are strong. (Str +2) [potion of cure mutation]
 71608 | Lair:2   | Lost mutation: You tend to lose your temper in combat. [potion of cure mutation]
 71766 | Orc:2    | Bought a glowing cloak for 144 gold pieces
 71787 | Orc:2    | Bought a scorched ring mail for 162 gold pieces
 71787 | Orc:2    | Bought a runed hat for 72 gold pieces
 71802 | Orc:2    | Bought a fine robe for 153 gold pieces
 71802 | Orc:2    | Bought a brightly glowing leather armour for 189 gold pieces
 71816 | Orc:2    | Identified the +6 leather armour of Mypetzar {rC+ MR- SInv} (You bought it in a shop on level 2 of the Orcish Mines)
 71826 | Orc:2    | Identified the +2 robe "Resmucyi" {+Inv Dex+3} (You bought it in a shop on level 2 of the Orcish Mines)
 71836 | Orc:2    | Identified the +4 ring mail of the Flute {MR+ Str+7 Stlth-} (You bought it in a shop on level 2 of the Orcish Mines)
 72487 | Depths:2 | Reached skill level 1 in Short Blades
 72728 | Depths:2 | Reached skill level 2 in Short Blades
 72742 | Depths:2 | Got a crystal battleaxe
 73260 | Depths:2 | Reached skill level 7 in Evocations
 73433 | Depths:3 | Noticed Jorgrun
 73450 | Depths:3 | Killed Jorgrun
 73450 | Depths:3 | Reached skill level 13 in Fighting
 73788 | Depths:3 | Reached skill level 11 in Air Magic
 73897 | Depths:3 | Got a slimy hand crossbow
 74211 | Depths:3 | Found a runed door.
 74616 | Depths:2 | Yawgmoth: ??firmly anchored in space
 74616 | Depths:2 | beem: I don't have a page labeled firmly_anchored_in_space in my learndb.
 74616 | Depths:2 | Yawgmoth: ??distortion
 74616 | Depths:2 | beem: distortion[1/5]: A weapon brand. When it hits, inflicts a random option from "1-7 bonus damage", "3-26 bonus damage", "blink", "teleport", or {banish}. When you unwield, you suffer wild translocation effects - up to 43 raw damage, banishment, teleport+confusion, or lots of glow. The probability of banishment from unwielding is 207/896, or about 23%.
 74808 | Depths:3 | Reached skill level 3 in Short Blades
 74922 | Depths:3 | Reached skill level 8 in Evocations
 75217 | Depths:3 | Noticed a caustic shrike
 75236 | Depths:3 | Reached skill level 1 in Staves
 75236 | Depths:3 | Reached XP level 23. HP: 101/141 MP: 33/46
 75239 | Depths:3 | Killed a caustic shrike
 75247 | Depths:3 | Noticed an ancient lich
 75252 | Depths:3 | HP: 11/141 [ancient lich/bolt of cold (67)]
 75277 | Depths:3 | Noticed a caustic shrike
 75286 | Depths:3 | Killed a caustic shrike
 75291 | Depths:3 | HP: 33/141 [titan/bolt of lightning (12)]
 75306 | Depths:3 | HP: 26/141 [titan (30)]
 75307 | Depths:3 | Mangled by a titan

Vault maps used:
D:1:      dpeg_arrival_oval, roderic_filled_cross
D:2:      lemuel_round_altar, first_bread, uniq_robin, uniq_natasha
D:3:      kennysheep_slug_shrine, portal_sewer_entry_b, st_stairs_1,
          minmay_misc_feat_four_crosses, hangedman_ru_absence
D:4:      old_standard_altar, minmay_misc_feat_more_columns
D:5:      nemelex_xobeh_ov_fountains_minmay
D:6:      overflow_temple_1_default, serial_shops, nicolae_shop_behind_doors,
          grunt_pakellas_basics, uniq_menkaure
D:7:      lemuel_round_altar, lemuel_temple_firewalk, grunt_livestock,
          trog_three_pillars_becter, uniq_joseph
D:8:      gammafunk_temple_overflow_statue, nrook_loot_triangle
D:9:      orc_david_3, chei_slow_surprise
D:10:     minmay_lair_entry_lava
D:11:     basic_altar
D:12:     uniq_frances, uniq_urug
D:13:     serial_ice, serial_ice_f, serial_ice_d, serial_ice_n, serial_ice_j,
          serial_ice_g, serial_ice_e, serial_ice_m, serial_ice_a,
          portal_ice_cave_entry_pillars_01, grunt_ministairs_14,
          minmay_misc_feat_rows, roderic_lattice_a
D:14:     grunt_vaults_entry_fortified, serial_shops, shop_fountains,
          serial_park_square1, trog_wizard
D:15:     hangedman_depths_entry_civil_slaughter,
          minmay_misc_feat_secret_circle, serial_shops,
          nicolae_shop_window_shopping, shop
Lair:2:   beast_lair_carwin_1, grunt_megastairs_1, lemuel_fruit_tree,
          uniq_fannar
Lair:3:   swamp_mist_pool, infiniplex_staircase_pool_2, grunt_megastairs_4
Lair:5:   guppyfry_snake_entry_island, enter_volcano_4, basic_altar,
          lemuel_old_faithful, uniq_kirke
Lair:7:   minmay_lair_oklob_bushes, lemuel_fruit_fields
Lair:8:   minmay_lair_end_enchanted_forest, slime_altar_1, serial_bayou_shore_a
Swamp:1:  hangedman_swamp_blocks, swamp_pool4, nicolae_swamp_alligator_family
Swamp:2:  evilmike_swamp_ruin_rubble_1, swamp_pool3
Swamp:3:  nicolae_swamp_dense_foliage, swamp_pool3, cheibrodos_swamp_kobolds,
          uniq_nikola, uniq_aizul, uniq_donald
Swamp:4:  swamp_pestilence, swamp_pool1, hangedman_swamp_lotus,
          nicolae_swamp_feature_on_the_river_bank
Snake:2:  serial_shops, bzr_entry_islet, uniq_wiglaf, uniq_asterion
Snake:3:  serial_shops, shop, serial_bayou_shore_b, uniq_agnes, uniq_vashnia
Snake:4:  grunt_snake_rune_spirals, basic_altar, st_stairs_9, spider_trap,
          guppyfry_snake_island, serial_bayou_shore_b, serial_bayou_shore_b
Orc:1:    basic_altar, nicolae_for_you_no_charge
Orc:2:    st_orc_open
Elf:1:    eino_elf_arrival_the_gate, kennysheep_underground_church,
          hangedman_decor_cross_pass
Elf:2:    serial_shops, nicolae_shop_behind_doors, shop, shop,
          nicolae_shop_stone, fountainhead
Elf:3:    elf_hall_gauntlet_narrow
Depths:1: enter_ziggurat_d, nrook_mini_vaults, pf_coc_iceberg, minmay_holes,
          eino_small_chamber_without_monster, minmay_three_doors
Depths:2: minmay_expanding_squares, hell_entry, hangedman_stitches_earthworm,
          infiniplex_staircase_zigzag_3, serial_bayou_shore_b,
          grunt_megastairs_2
Depths:3: box_level_dp, hell_entry, serial_shops, pan_entry, uniq_jorgrun
Abyss:2:  evilmike_abyss_exit_14, hangedman_decor_peaks_small
Abyss:3:  evilmike_abyss_exit_mutagenic, minivault_27
Bazaar:   bazaar_jpeg_cross
Sewer:    sewer_co_purgy_island
IceCv:    ice_cave_statue_garden_02
Volcano:  volcano_village

Skill      XL: |  1  2  3  4  5  6  7  8  9 10 11 12 13 14 15 16 17 18 19 20 21 22 |
---------------+-------------------------------------------------------------------+-----
Earth Magic    | 4 5 6 7 8 10 11 13 14 15 16 17 19 21 | 21.6
Spellcasting   | 3 4 5 7 8 10 11 12 13 14 15 16 17 18 19 | 19.5
Conjurations   | 1 5 8 10 11 12 13 14 | 14.8
Fighting       | 4 6 8 9 10 11 12 13 | 13.9
Ice Magic      | 2 3 |  3.3
Fire Magic     | 4 6 7 8 9 |  9.5
Charms         | 7 12 13 | 13.3
Evocations     | 1 2 5 6 8 |  8.2
Air Magic      | 5 7 10 11 | 11.2
Short Blades   | 3 |  3.4
Staves         | 1 |  1.4
Dodging        | |  1.8
Stealth        | |  2.4
Transmutations | |  0.7

Action                   |  1- 3 |  4- 6 |  7- 9 | 10-12 | 13-15 | 16-18 | 19-21 | 22-24 || total
-------------------------+-------+-------+-------+-------+-------+-------+-------+-------++-------
Melee: Short sword       |    35 |    42 |       |       |       |       |       |       ||    77
       Dagger            |       |       |    42 |    87 |       |       |       |       ||   129
       Quarterstaff      |       |       |     9 |     1 |   174 |    11 |       |       ||   195
       Halberd           |       |       |     9 |       |       |       |       |       ||     9
       Staff             |       |       |       |       |    10 |    84 |    92 |    43 ||   229
       Quick blade       |       |       |       |       |       |       |       |     3 ||     3
 Fire: Shortbow          |       |       |    11 |       |       |       |       |       ||    11
Throw: Stone             |     8 |       |       |       |       |       |    45 |     3 ||    56
       Javelin           |     3 |     8 |    26 |    56 |    78 |    13 |       |       ||   184
 Cast: Sandblast         |    30 |    86 |   102 |     1 |       |       |       |       ||   219
       Stone Arrow       |       |       |   100 |   397 |   747 |   243 |    23 |     3 ||  1513
       Lee's Rapid Decon |       |       |     2 |    24 |    93 |    27 |    49 |    22 ||   217
       Bolt of Fire      |       |       |       |       |    66 |    27 |       |       ||    93
       Passwall          |       |       |       |       |     7 |    17 |     1 |     1 ||    26
       Swiftness         |       |       |       |       |     3 |     2 |     2 |       ||     7
       Regeneration      |       |       |       |       |     1 |     3 |     2 |     2 ||     8
       Leda's Liquefacti |       |       |       |       |     1 |       |       |       ||     1
       Freezing Cloud    |       |       |       |       |     1 |       |       |       ||     1
       Fireball          |       |       |       |       |    25 |   145 |   111 |    69 ||   350
       Summon Butterflie |       |       |       |       |     2 |       |       |       ||     2
       Blink             |       |       |       |       |     1 |     7 |       |       ||     8
       Iron Shot         |       |       |       |       |       |   397 |   404 |   113 ||   914
       Haste             |       |       |       |       |       |     7 |     7 |     2 ||    16
       Deflect Missiles  |       |       |       |       |       |       |    10 |     5 ||    15
       Delayed Fireball  |       |       |       |       |       |       |     3 |       ||     3
       Shatter           |       |       |       |       |       |       |     8 |    12 ||    20
 Abil: Fly               |       |       |       |       |     1 |     2 |       |     1 ||     4
       Release Delayed F |       |       |       |       |       |       |     1 |       ||     1
       Stop Flying       |       |       |       |       |       |       |     1 |     1 ||     2
       Evoke Berserk Rag |       |       |       |       |       |       |       |     2 ||     2
Evoke: Wand              |       |       |       |    11 |    17 |     8 |       |     3 ||    39
       Rod               |       |       |       |       |     4 |       |       |       ||     4
       Stone of tremors  |       |       |       |       |     1 |       |       |       ||     1
  Use: Scroll            |       |     3 |     1 |    22 |    17 |    15 |    13 |    11 ||    82
       Potion            |       |     3 |       |     2 |     7 |     1 |     7 |     9 ||    29
 Stab: Sleeping          |     1 |       |       |       |       |       |       |       ||     1
  Eat: Chunk             |     2 |     4 |    16 |    27 |    45 |    46 |    17 |    11 ||   168
       Beef jerky        |       |     1 |       |     3 |     4 |     2 |     2 |       ||    12
       Fruit             |       |       |     5 |       |    17 |       |       |     4 ||    26
       Pizza             |       |       |       |     6 |     5 |     2 |     3 |       ||    16
       Royal jelly       |       |       |       |     1 |     1 |     2 |     1 |       ||     5
       Bread ration      |       |       |       |       |     2 |     7 |     7 |     2 ||    18
       Meat ration       |       |       |       |       |     1 |     7 |     1 |     1 ||    10
Armor: Robe              |    15 |    37 |    20 |    51 |   379 |       |       |       ||   502
       Leather armour    |       |       |    35 |       |       |       |       |       ||    35
       Scale mail        |       |       |       |       |    27 |   366 |   205 |    10 ||   608
       Ring mail         |       |       |       |       |       |       |       |    85 ||    85
Dodge: Dodged            |    26 |    64 |   130 |    96 |   283 |   214 |   115 |    56 ||   984
       Deflected         |       |       |       |       |       |       |    31 |    33 ||    64

Vault maps used:
D:1:      dpeg_arrival_oval, roderic_filled_cross
D:2:      lemuel_round_altar, first_bread, uniq_robin, uniq_natasha
D:3:      kennysheep_slug_shrine, portal_sewer_entry_b, st_stairs_1,
          minmay_misc_feat_four_crosses, hangedman_ru_absence
D:4:      old_standard_altar, minmay_misc_feat_more_columns
D:5:      nemelex_xobeh_ov_fountains_minmay
D:6:      overflow_temple_1_default, serial_shops, nicolae_shop_behind_doors,
          grunt_pakellas_basics, uniq_menkaure
D:7:      lemuel_round_altar, lemuel_temple_firewalk, grunt_livestock,
          trog_three_pillars_becter, uniq_joseph
D:8:      gammafunk_temple_overflow_statue, nrook_loot_triangle
D:9:      orc_david_3, chei_slow_surprise
D:10:     minmay_lair_entry_lava
D:11:     basic_altar
D:12:     uniq_frances, uniq_urug
D:13:     serial_ice, serial_ice_f, serial_ice_d, serial_ice_n, serial_ice_j,
          serial_ice_g, serial_ice_e, serial_ice_m, serial_ice_a,
          portal_ice_cave_entry_pillars_01, grunt_ministairs_14,
          minmay_misc_feat_rows, roderic_lattice_a
D:14:     grunt_vaults_entry_fortified, serial_shops, shop_fountains,
          serial_park_square1, trog_wizard
D:15:     hangedman_depths_entry_civil_slaughter,
          minmay_misc_feat_secret_circle, serial_shops,
          nicolae_shop_window_shopping, shop
Lair:2:   beast_lair_carwin_1, grunt_megastairs_1, lemuel_fruit_tree,
          uniq_fannar
Lair:3:   swamp_mist_pool, infiniplex_staircase_pool_2, grunt_megastairs_4
Lair:5:   guppyfry_snake_entry_island, enter_volcano_4, basic_altar,
          lemuel_old_faithful, uniq_kirke
Lair:7:   minmay_lair_oklob_bushes, lemuel_fruit_fields
Lair:8:   minmay_lair_end_enchanted_forest, slime_altar_1, serial_bayou_shore_a
Swamp:1:  hangedman_swamp_blocks, swamp_pool4, nicolae_swamp_alligator_family
Swamp:2:  evilmike_swamp_ruin_rubble_1, swamp_pool3
Swamp:3:  nicolae_swamp_dense_foliage, swamp_pool3, cheibrodos_swamp_kobolds,
          uniq_nikola, uniq_aizul, uniq_donald
Swamp:4:  swamp_pestilence, swamp_pool1, hangedman_swamp_lotus,
          nicolae_swamp_feature_on_the_river_bank
Snake:2:  serial_shops, bzr_entry_islet, uniq_wiglaf, uniq_asterion
Snake:3:  serial_shops, shop, serial_bayou_shore_b, uniq_agnes, uniq_vashnia
Snake:4:  grunt_snake_rune_spirals, basic_altar, st_stairs_9, spider_trap,
          guppyfry_snake_island, serial_bayou_shore_b, serial_bayou_shore_b
Orc:1:    basic_altar, nicolae_for_you_no_charge
Orc:2:    st_orc_open
Elf:1:    eino_elf_arrival_the_gate, kennysheep_underground_church,
          hangedman_decor_cross_pass
Elf:2:    serial_shops, nicolae_shop_behind_doors, shop, shop,
          nicolae_shop_stone, fountainhead
Elf:3:    elf_hall_gauntlet_narrow
Depths:1: enter_ziggurat_d, nrook_mini_vaults, pf_coc_iceberg, minmay_holes,
          eino_small_chamber_without_monster, minmay_three_doors
Depths:2: minmay_expanding_squares, hell_entry, hangedman_stitches_earthworm,
          infiniplex_staircase_zigzag_3, serial_bayou_shore_b,
          grunt_megastairs_2
Depths:3: box_level_dp, hell_entry, serial_shops, pan_entry, uniq_jorgrun
Abyss:2:  evilmike_abyss_exit_14, hangedman_decor_peaks_small
Abyss:3:  evilmike_abyss_exit_mutagenic, minivault_27
Bazaar:   bazaar_jpeg_cross
Sewer:    sewer_co_purgy_island
IceCv:    ice_cave_statue_garden_02
Volcano:  volcano_village

Table legend:
 A = Turns spent in this place as a percentage of turns spent in the entire game.
 B = Non-inter-level travel turns spent in this place as a percentage of non-inter-level travel turns spent in the entire game.
 C = Inter-level travel turns spent in this place as a percentage of turns spent in this place.
 D = Turns resting spent in this place as a percentage of non-inter-level travel turns spent in this place.
 E = Turns spent auto-exploring this place as a percentage of non-inter-level travel turns spent in this place.
 F = Non-inter-level travel turns spent in this place divided by the number of levels of this place that you've seen.
                   A       B       C       D       E      F
               +-------+-------+-------+-------+-------+----------------------
         Total | 100.0 | 100.0 |   0.7 |   8.7 |   4.8 | 435.1
       Dungeon |  31.2 |  31.2 |   0.7 |   7.4 |   4.9 | 406.9
          Lair |  25.8 |  25.7 |   1.0 |   8.2 |   3.1 | 628.8
         Swamp |   7.6 |   7.6 |   1.2 |  14.5 |   5.7 | 371.0
     Snake Pit |  12.2 |  12.3 |   0.2 |  12.7 |   6.4 | 600.8
  Orcish Mines |   5.0 |   5.0 |   0.9 |   9.5 |   6.0 | 485.5
   Elven Halls |   6.1 |   6.1 |   0.8 |   7.8 |   6.8 | 400.0
        Depths |   8.2 |   8.2 |   0.2 |   7.2 |   6.7 | 535.0
         Abyss |   0.9 |   0.9 |   0.0 |   0.0 |   0.0 |  86.0
        Bazaar |   0.4 |   0.4 |   0.0 |   0.0 |   0.0 |  79.0
         Sewer |   1.0 |   1.0 |   0.0 |   1.0 |   0.0 | 195.0
      Ice Cave |   0.8 |   0.8 |   0.0 |   4.4 |   0.0 | 159.0
       Volcano |   0.9 |   0.9 |   0.0 |   6.1 |   0.0 | 179.0
               +-------+-------+-------+-------+-------+----------------------

Table legend:
 A = Kills in this place as a percentage of kills in entire the game.
 B = Kills by you in this place as a percentage of kills by you in the entire game.
 C = Kills by friends in this place as a percentage of kills by friends in the entire game.
 D = Other kills in this place as a percentage of other kills in the entire game.
 E = Experience gained in this place as a percentage of experience gained in the entire game.
 F = Experience gained in this place divided by the number of levels of this place that you have seen.
                   A       B       C       D       E      F
               +-------+-------+-------+-------+-------+----------------------
         Total | 100.0 | 100.0 | 100.0 | 100.0 | 100.0 | 15998.5
       Dungeon |  25.2 |  25.4 |   0.0 |   0.0 |   9.1 | 4390.8
          Lair |  18.9 |  19.0 |   0.0 |  33.3 |   9.3 | 8389.1
         Swamp |  11.6 |  11.7 |   0.0 |   0.0 |  11.5 | 20608.5
     Snake Pit |  15.3 |  14.7 | 100.0 |  33.3 |  23.3 | 42016.5
  Orcish Mines |   7.3 |   7.4 |   0.0 |   0.0 |   3.0 | 10780.5
   Elven Halls |   7.4 |   7.4 |   0.0 |  33.3 |  15.0 | 35958.0
        Depths |  12.9 |  13.0 |   0.0 |   0.0 |  28.3 | 67852.7
         Abyss |   0.1 |   0.1 |   0.0 |   0.0 |   0.1 | 249.5
         Sewer |   0.4 |   0.5 |   0.0 |   0.0 |   0.0 | 144.0
      Ice Cave |   0.5 |   0.5 |   0.0 |   0.0 |   0.3 | 2098.0
       Volcano |   0.4 |   0.4 |   0.0 |   0.0 |   0.1 | 725.0
               +-------+-------+-------+-------+-------+----------------------
